 Dungeon Crawl Stone Soup version 0.31-a0-1278-g11c5b68f87 (webtiles) character file.

Game seed: 1102003422090821240

15480 avis the Spry (level 12, 60/60 HPs)
             Began as a Felid Shapeshifter on Dec 17, 2023.
             Was an Initiate of Gozag.
             Got out of the dungeon alive.
             The game lasted 01:31:46 (16362 turns).

avis the Spry (Felid Shapeshifter)                 Turns: 16362, Time: 01:31:46

Health: 60/60      AC:  3    Str: 13    XL:     12   Next: 1%
Magic:  16/16      EV: 29    Int: 16    God:    Gozag
Gold:   1693       SH:  0    Dex: 19    Spells: 11/15 levels left
                                        Lives:  0   Deaths: 4

rFire   + .          .
                       - Unarmed
rCold   + + .        (shield unavailable)
rNeg    . . .        (body armour unavailable)
rPois   .            (helmet unavailable)
rElec   .            (cloak unavailable)
rCorr   .            (gloves unavailable)
SInv    +            (boots unavailable)
Will    +....        (no amulet)
Stlth   ++           K - ring "Lutai" {rF+ rC+ Str+3}
HPRegen 0.30/turn    B - ring of wizardry
MPRegen 0.15/turn

%: wizardry (x1)
@: blade hands
A: reduced hp, very small, (claws 1), fangs 3, see invisible, shaggy fur 3,
(stealthy paws), no weapons or thrown items, no armour, multi-lived
a: Begin Untransformation, Renounce Religion, Potion Petition, Call Merchant,
Bribe Branch


You escaped.
You worshipped Gozag.
Gozag was most pleased with you.
You had blades for front paws.
You visited 2 branches of the dungeon, and saw 12 of its levels.
You also visited: Bailey.

You collected 2612 gold pieces.
You spent 772 gold pieces at shops.
You paid 147 gold pieces to Gozag.

Inventory:

Jewellery
 h - a ring of resist corrosion
 n - a ring of protection from fire
 w - a ring of poison resistance
 B - a ring of wizardry (right blade hand)
 G - a +4 ring of slaying
 K - the ring "Lutai" (left blade hand) {rF+ rC+ Str+3}
   (You bought it in a shop on level 10 of the Dungeon)

   [ring of protection from fire]

   Str+3:     It affects your strength (+3).
   rF+:       It protects you from fire.
   rC+:       It protects you from cold.
Talismans
 f - a flux talisman
 l - a blade talisman (active)
Wands
 j - a wand of charming (5)
 p - a wand of polymorph (8)
 u - a wand of flame (25)
 v - a wand of iceblast (1)
Scrolls
 a - a scroll of blinking
 c - 2 scrolls of enchant weapon {unknown}
 d - a scroll of butterflies
 g - a scroll of poison
 k - 4 scrolls of teleportation {unknown}
 m - 3 scrolls of torment {unknown}
 H - 3 scrolls of enchant armour {unknown}
Potions
 b - a potion of resistance {unknown}
 e - 3 potions of enlightenment
 i - a potion of magic
 q - 3 potions of curing
 r - 2 potions of ambrosia
 t - 2 potions of cancellation
 z - a potion of might
 A - a potion of invisibility {unknown}
 E - 2 potions of haste
 I - a potion of heal wounds {unknown}


   Skills:
 - Level 7.0 Fighting
 - Level 15.0 Dodging
 - Level 3.0 Unarmed Combat
 - Level 2.0 Spellcasting
 - Level 8.0 Summonings
 - Level 4.0 Air Magic
 * Level 9.6 Shapeshifting


You had 11 spell levels left.
You knew the following spells:

 Your Spells              Type           Power      Damage    Failure   Level
l - Summon Lightning Spi  Summ/Air       20%        N/A       7%          4

Your spell library contained the following spells:

 Spells                   Type           Power      Damage    Failure   Level
 Static Discharge         Conj/Air       16%        3-4/arc   6%          2
 Magic Dart               Conj           4%         1d3       9%          1
 Lesser Beckoning         Tloc           2%         N/A       12%         2
 Searing Ray              Conj           2%         2d4       12%         2
 Airstrike                Air            7%         2d(1-17)  16%         4
 Gell's Gravitas          Tloc           1%         N/A       24%         3
 Teleport Other           Tloc           1%         N/A       24%         3
 Fulminant Prism          Conj/Hex       0%         3d5       58%         4
 Borgnjor's Vile Clutch   Necr/Erth      0%         N/A       89%         5
 Death Channel            Necr           0%         N/A       100%        6
 Animate Dead             Necr           Unusable   N/A       N/A         4

Dungeon Overview and Level Annotations

Branches:
Dungeon (11/15)            Temple (1/1) D:7            Lair (0/5) D:11
    Orc (0/2) D:10         Bailey (visited)

Altars:
Ashenzari
Cheibriados
Dithmenos
Elyvilon
Fedhas
Gozag
Hepliaklqana
Kikubaaqudgha
Makhleb
Nemelex Xobeh
Okawaru
Qazlal
Ru
Sif Muna
Trog
Uskayaw
Vehumet
Wu Jian
Xom
Yredelemnul
Zin
The Shining One

Shops:
D:3 [   D:10 *=*((

Annotations:
D:10 2 runed translucent doors
D:11 exclusion: 3 oklob plants


Innate Abilities, Weirdness & Mutations

You have blades for front paws.
Your maximum health is decreased, since you lack skill for your form.
((You have sharp claws.))
You have razor-sharp teeth.
You have supernaturally acute eyesight. (SInv)
Your thick and shaggy fur keeps you warm. (AC +3, rC+)
((Your paws help you pounce on unaware monsters.))
You are incapable of wielding weapons or throwing items.
You cannot wear armour.
You gain extra lives every three experience levels.


Message History

The bolt of electricity hits the oklob plant.
You rejoin the land of the living...
Unknown command.
What level of the Dungeon? (default 11, ? - help)
There is a stone staircase leading up here.
You climb upwards.
Level annotation: 2 runed translucent doors
There is a stone staircase leading down here.
There is a stone staircase leading up here.
You climb upwards.
There is a stone staircase leading down, spattered with blood here.
Items here: )) [[.
There is an open door here.
There is a stone staircase leading up here.
You climb upwards.
There is a stone staircase leading down here.
There is a stone staircase leading up here.
You climb upwards.
There is a stone staircase leading down here.
There is an open door here.
There is a stone staircase leading up here.
You climb upwards.
There is a stone staircase leading down here.
There is a stone staircase leading up here.
You climb upwards.
There is a stone staircase leading down here.
There is a stone staircase leading up here.
You climb upwards.
There is a stone staircase leading down here.
There is a stone staircase leading up here.
You climb upwards.
There is a stone staircase leading down here.
There is a stone staircase leading up here.
You climb upwards.
There is a stone staircase leading down here.
There is a stone staircase leading up here.
You climb upwards.
There is a stone staircase leading down here.
There is a staircase leading out of the dungeon here.
You have escaped! ...PPPPP...PPPPPPP###.#.#.#.# ##.PPPPP...PPPPPPP# #.#.#.#.# #.PPPPP.....PPPPP# #.#.#.#.# #.PPP...P.PP..PPP# #.......# #.PP..PP...PPP.PP# ###.#...# ##.PP.PP.PPP.PP.PP# #.#...### ...P.PP.PP.PP.PP.P#

#.#.....# #..P.P.PP.P.PP.P.P#
##.#.#####
#......P.PPP.P.P@P# #..#.###
#..P.P.PP.P.PP.P.P####..#...#
...P.PP.PP.PP.PP.P#.....###.#
#..PP.PP.PPP.PP.PP#.#...# #.#
...PP.PPP...PPP.PP#.#..## #.#
##.PPP..PPPPP..PPP#.#..####.#
#.PPPPP.....PPPPP#.#.......#


##.PPPPPPPPPPPPPPP#.##.###### ...PPPPPPPPPPPPPPP#.##.## There were no monsters
in sight!

Vanquished Creatures
  3 two-headed ogres
  Pikel (D:7)
  A gargoyle (D:10)
  A kobold demonologist (D:9)
  Psyche (D:11)
  4 trolls
  Prince Ribbit (D:7)
  Sigmund (D:2)
  A vampire (D:9)
  A shadow (D:9)
  3 wraiths
  19 yaks
  Eustachio (D:5)
  3 wyverns
  2 vampire mosquitoes (D:8)
  3 steam dragons
  An acid dragon (D:10)
  4 water moccasins
  Duvessa (D:6)
  2 nameless horrors
  2 sky beasts
  3 ice beasts
  An orc warrior (D:9)
  2 black bears
  2 centaurs
  6 ogres
  2 lemures (D:7)
  3 scorpions
  2 bullfrogs
  2 gnoll sergeants
  A jelly (D:8)
  4 wights (D:8)
  Dowan (D:6)
  4 killer bees (D:8)
  7 howler monkeys
  7 wolf zombies (Bailey)
  2 vampire bats (Bailey)
  3 hounds (D:4)
  6 orc priests
  A gnoll bouda (D:5)
  5 iguanas
  3 iron imps (D:5)
  10 orc wizards
  Natasha (thrice) (D:4)
  2 sleepcaps
  21 gnolls
  7 adders
  4 ufetubi
  A worm (D:3)
  4 dart slugs
  39 orcs
  10 ball pythons
  3 endoplasms
  7 giant cockroaches
  3 goblins
  4 hobgoblins
  7 jackals (D:3)
  2 quokkas
  A bat (D:1)
  5 frilled lizards
  9 orc zombies (Bailey)
  7 rats
272 creatures vanquished.

Vanquished Creatures (collateral kills)
  Lodul (D:11)
  A gargoyle (Bailey)
  A shadow (D:11)
  A vampire (Bailey)
  An orc warrior (D:10)
  An ogre (D:11)
  7 vampire bats (Bailey)
  A wolf zombie (Bailey)
  2 orcs (D:10)
  14 orc zombies (Bailey)
30 creatures vanquished.

Vanquished Creatures (others)
  An air elemental (D:10)
  A water elemental (D:10)
  A human (D:9)
  An orc (D:10)
4 creatures vanquished.

Grand Total: 306 creatures vanquished

Notes
Turn   | Place    | Note
-------+----------+-------------------------------------------
     0 | D:1      | avis the Felid Shapeshifter began the quest for the Orb.
     0 | D:1      | Reached XP level 1. HP: 10/10 MP: 2/2
    18 | D:1      | Reached skill level 3 in Dodging
   131 | D:1      | Reached XP level 2. HP: 11/14 MP: 3/3
   863 | D:2      | Noticed Sigmund
   913 | D:2      | Reached XP level 3. HP: 8/18 MP: 4/4
  1881 | D:3      | Found a faded altar of an unknown god.
  2026 | D:3      | Found a radiant altar of Vehumet.
  2056 | D:3      | Found a shadowy altar of Dithmenos.
  2418 | D:3      | Found Dumugh's Antique Armour Boutique.
  2553 | D:3      | Reached XP level 4. HP: 19/23 MP: 5/5
  2649 | D:4      | Reached skill level 4 in Dodging
  2761 | D:4      | Reached skill level 5 in Dodging
  2762 | D:4      | Noticed a scorpion
  2788 | D:4      | Killed a scorpion
  2788 | D:4      | Succumbed to a scorpion's poison
  2789 | D:4      | Reached skill level 6 in Dodging
  2789 | D:4      | Reached XP level 5. HP: 26/26 MP: 6/6
  2878 | D:4      | Noticed Natasha
  2882 | D:4      | Killed Natasha
  3019 | D:4      | Gained mutation: You are covered in thick fur. (AC +2)
                  | [Felid growth]
  3019 | D:4      | Reached XP level 6. HP: 27/32 MP: 7/7
  3181 | D:4      | Noticed Natasha
  3189 | D:4      | Killed Natasha
  3291 | D:4      | Reached skill level 5 in Shapeshifting
  3296 | D:4      | Reached XP level 7. HP: 31/36 MP: 8/8
  3395 | D:4      | Noticed Natasha
  3412 | D:4      | Killed Natasha
  3618 | D:2      | Killed Sigmund
  3684 | D:5      | Entered Level 5 of the Dungeon
  3831 | D:5      | Slain by a gnoll
  4329 | D:5      | Found a burning altar of Makhleb.
  4461 | D:5      | Reached XP level 8. HP: 34/42 MP: 9/9
  4473 | D:5      | Noticed Eustachio
  4481 | D:5      | Killed Eustachio
  4584 | D:5      | Reached skill level 7 in Dodging
  4804 | D:6      | Found a shimmering altar of Xom.
  4843 | D:6      | Noticed Duvessa
  4857 | D:6      | Noticed Dowan
  4862 | D:6      | Killed Duvessa
  4863 | D:6      | Reached skill level 8 in Dodging
  4874 | D:6      | Killed Dowan
  4964 | D:6      | Found a broken altar of Ashenzari.
  5023 | D:6      | Reached skill level 9 in Dodging
  5045 | D:6      | Found a snail-covered altar of Cheibriados.
  5267 | D:6      | Reached skill level 5 in Fighting
  5976 | D:6      | Learned a level 4 spell: Summon Lightning Spire
  6199 | D:7      | Found a glowing golden altar of the Shining One.
  6232 | D:7      | Reached XP level 9. HP: 34/47 MP: 10/10
  6320 | D:7      | Found the +1 Delatra's gloves {ID++}
  6332 | D:7      | Noticed Prince Ribbit
  6374 | D:7      | Killed Prince Ribbit
  6650 | D:7      | Found a staircase to the Ecumenical Temple.
  6659 | Temple   | Entered the Ecumenical Temple
  6673 | Temple   | Became a worshipper of Gozag Ym Sagoz the Greedy
  6966 | D:7      | Identified the orb of Hautuot {*Rage, Str-3 Int+4 Dex+4
                  | Stlth+}
  7028 | D:7      | Reached skill level 10 in Dodging
  7241 | D:7      | Found a sacrificial altar of Ru.
  7247 | D:7      | Found an iron altar of Okawaru.
  7247 | D:7      | Found a bloodstained altar of Trog.
  7249 | D:7      | Found an ornate altar of the Wu Jian Council.
  7252 | D:7      | Found a hide-covered altar of Uskayaw.
  7533 | D:8      | Noticed Pikel
  7616 | D:7      | Killed Pikel
  7617 | D:7      | Reached skill level 11 in Dodging
  7798 | D:8      | Reached skill level 12 in Dodging
  7947 | D:8      | Reached skill level 1 in Spellcasting
  7947 | D:8      | Reached skill level 1 in Air Magic
  7956 | D:8      | Reached skill level 1 in Summonings
  7981 | D:8      | Reached XP level 10. HP: 41/53 MP: 13/13
  8685 | D:9      | Noticed a two-headed ogre
  8694 | D:9      | HP: 2/53 [two-headed ogre/+0 dire flail (16)]
  8696 | D:9      | Killed a two-headed ogre
  9183 | D:9      | Reached skill level 5 in Summonings
  9913 | D:9      | Noticed a two-headed ogre
  9925 | D:9      | Killed a two-headed ogre
 10315 | D:9      | Found an ancient bone altar of Kikubaaqudgha.
 10487 | D:10     | Entered Level 10 of the Dungeon
 10487 | D:10     | Noticed a two-headed ogre
 10495 | D:10     | Killed a two-headed ogre
 10496 | D:10     | Reached XP level 11. HP: 57/57 MP: 15/15
 10679 | D:10     | Found Adoen's Weapon Boutique.
 10814 | D:10     | Found Bedycvips's Assorted Antiques.
 10816 | D:10     | HP: 1/58 [steam dragon] (5)]
 10821 | D:10     | HP: 2/58 [something (9)]
 10902 | D:10     | Found Odann's Assorted Antiques.
 10994 | D:10     | Found a flagged portal.
 11036 | Bailey   | Entered a bailey
 11592 | Bailey   | Identified the +1 helmet of the Eternal Fruit {Fly rF+++
                  | rC+ Dex-5}
 11619 | Bailey   | Reached skill level 13 in Dodging
 11735 | Bailey   | Identified the +0 plate armour "Ynwig" {rC- Int+3 Slay+6
                  | Stlth+}
 12139 | D:10     | Found Ydyblopt's Jewellery Boutique.
 12190 | D:10     | Found a staircase to the Orcish Mines.
 12255 | D:10     | Found a large runed translucent door.
 12258 | D:10     | Found a large runed translucent door.
 12411 | D:9      | Reached skill level 14 in Dodging
 13163 | D:10     | Found Lieprej's Weapon Shop.
 13293 | D:10     | Bought a scroll of identify for 48 gold pieces
 13303 | D:10     | Bought the ring "Lutai" {rF+ rC+ Str+3} for 724 gold pieces
 13988 | D:10     | Reached skill level 15 in Dodging
 14858 | D:11     | Noticed Psyche
 14881 | D:11     | Killed Psyche
 14968 | D:11     | Noticed an oklob plant
 14968 | D:11     | Noticed an oklob plant
 15047 | D:11     | Noticed Lodul
 15066 | D:11     | Killed Lodul
 15083 | D:11     | Gained mutation: Your thick and shaggy fur keeps you warm.
                  | (AC +3, rC+) [Felid growth]
 15083 | D:11     | Reached XP level 12. HP: 30/63 MP: 11/16
 15602 | D:11     | Found a staircase to the Lair.
 15615 | D:11     | Killed from afar by an oklob plant
 16184 | D:11     | Killed from afar by an oklob plant
 16362 | D:$      | Got out of the dungeon alive.

Illustrated notes

Levels and vault maps discovered:
D:1:      roderic_crop_circles_arrival_small, layout_basic
D:2:      layout_loops_ring, uniq_sigmund
D:3:      layout_loops_ring, overflow_temple_1_default,
          mainiacjoe_overflow_alcove_2, shapermc_ecumenical_altar_acropolis,
          serial_shops, shop
D:4:      layout_basic, minmay_fractal_squares_gapless_5, uniq_natasha
D:5:      layout_basic, demons_altar, corexii_hall_statues_x, uniq_eustachio
D:6:      layout_basic, mainiacjoe_overflow_boulevard,
          mainiacjoe_overflow_catwalk, general_overflow_altar, uniq_duvessa
D:7:      layout_loops_corners, overflow_temple_1_default, minitemple,
          minmay_temple_entry_statues_fountains, uniq_prince_ribbit1
D:8:      layout_gridville, uniq_pikel
D:9:      layout_roguey, tgw_kikubaaqudgha
D:10:     layout_long_grid, hiddenorc1_lemuel, enter_bailey_7, serial_shops,
          shop, shop, nicolae_shop_gaudy_bauble, shop, shop,
          lightli_elemental_guards
D:11:     layout_long_grid, dpeg_oklobed_lair, uniq_psyche, uniq_lodul
Temple:   grunt_temple_mini_profane

Skill      XL: |  1  2  3  4  5  6  7  8  9 10 11 |
---------------+----------------------------------+-----
Dodging        | 3 6 9 12 15 | 15.0
Shapeshifting  | 3 5 7 8 9 |  9.6
Fighting       | 2 3 5 6 7 |  7.0
Spellcasting   | 1 2 |  2.0
Air Magic      | 1 4 |  4.0
Summonings     | 1 8 |  8.0
Unarmed Combat | |  3.0

Action                     |  1- 3 |  4- 6 |  7- 9 | 10-12 || total
---------------------------+-------+-------+-------+-------++-------
  Melee: Unarmed           |    95 |    86 |   337 |   541 ||  1059
         Bite              |     6 |    11 |    65 |    96 ||   178
         Punch             |     1 |     2 |       |     1 ||     4
   Cast: Summon Lightning  |       |       |       |    51 ||    51
  Evoke: Wand              |       |       |       |    15 ||    15
    Use: Scroll            |       |     5 |       |    10 ||    15
         Potion            |       |     2 |       |     5 ||     7
   Stab: Sleeping          |     9 |     3 |       |       ||    12
         Distracted        |       |       |       |     6 ||     6
 Armour: Skin              |    25 |    21 |    60 |   185 ||   291
  Dodge: Dodged            |    59 |    56 |   337 |   692 ||  1144
   Form: Flux              |       |       |     1 |       ||     1
         Blade             |       |       |       |     1 ||     1

Table legend: (Time is in decaauts)
 A = Elapsed time spent in this place.
 B = Non-inter-level travel time spent in this place.
 C = Inter-level travel time spent in this place.
 D = Time resting spent in this place.
 E = Time spent auto-exploring this place.
 F = Levels seen in this place.
 G = Mean time per level.
                   A        B        C        D        E       F      G
               +--------+--------+--------+--------+--------+-----+--------+
         Total |  16377 |  14317 |   2060 |   4569 |   5323 |  13 | 1259.8 |
       Dungeon |  15232 |  13185 |   2047 |   3987 |   5309 |  11 | 1384.7 |
        Temple |    280 |    268 |     12 |    232 |      0 |   1 |  280.0 |
        Bailey |    864 |    864 |      0 |    350 |     14 |   1 |  864.0 |
               +--------+--------+--------+--------+--------+-----+--------+

Top non-repeatable levels by time:
     D:9: 2281 daAuts
    D:10: 2162 daAuts
     D:8: 1567 daAuts
    D:11: 1512 daAuts
     D:7: 1464 daAuts
     D:6: 1281 daAuts
     D:2: 1094 daAuts
     D:5: 1090 daAuts
     D:4: 1013 daAuts
     D:3: 976 daAuts
  Bailey: 864 daAuts
     D:1: 788 daAuts
  Temple: 280 daAuts
